 Dungeon Sprint DCSS version 0.26-a0-958-gf3041fb45f (webtiles) character file.

Game seed: 4390565521000492099

2030 iamoutofideas the Thaumaturge (level 9, -2/45 HPs)
             Began as a Deep Elf Fire Elementalist on Nov 30, 2020.
             Was a Believer of Vehumet.
             Slain by an earth elemental (29 damage)
             ... in the Dungeon (Sprint III: "The Ten Rune Challenge").
             The game lasted 00:04:17 (1386 turns).

iamoutofideas the Thaumaturge (DEFE)                Turns: 1386, Time: 00:04:18

Health: -2/45      AC:  3    Str:  7    XL:     9   Next: 3%
Magic:  29/29      EV: 14    Int: 24    God:    Vehumet [**....]
Gold:   20         SH:  0    Dex: 15    Spells: 17/37 levels left

rFire    . . .     SeeInvis .   t - +2 long sword (holy)
rCold    . . .     Faith    .   (no shield)
rNeg     . . .     Spirit   .   a - +0 robe
rPois    .         Reflect  .   (no helmet)
rElec    .         Harm     .   (no cloak)
rCorr    .         Rampage  .   (no gloves)
MR       .....     NoTele   +   r - +0 pair of boots
Stlth    ++........             (no amulet)
HPRegen  0.15/turn              (no ring)
MPRegen  0.21/turn              (no ring)

@: no status effects
A: claws 1, talons 1, strong 1, MP-powered wands
a: Renounce Religion


You were in the Dungeon.
You worshipped Vehumet.
Vehumet was pleased with you.
You visited 1 branch You collected 20 gold pieces.

Inventory:

Hand Weapons
 t - a +2 long sword of holy wrath (weapon)
Armour
 a - a +0 robe (worn)
 r - a +0 pair of boots (worn)
Wands
 i - a wand of digging (1)
 p - a wand of enslavement (9)
Scrolls
 b - 2 scrolls of enchant armour {unknown}
 h - a scroll of blinking
 k - a scroll of holy word {unknown}
 l - 2 scrolls of immolation {unknown}
 n - a scroll of magic mapping {unknown}
 o - 2 scrolls of remove curse
Potions
 c - a potion of curing
 d - 2 potions of heal wounds
 e - a potion of haste
 f - 2 potions of magic
 g - 2 potions of berserk rage
 j - a potion of mutation
 m - 4 potions of flight
 q - a potion of might
Miscellaneous
 s - a phial of floods (inert)


   Skills:
 - Level 3.7 Dodging
 - Level 3.4 Stealth
 + Level 14.6 Spellcasting
 + Level 12.1 Conjurations
 + Level 13.3 Fire Magic


You had 17 spell levels left.
You knew the following spells:

 Your Spells              Type           Power        Failure   Level
a - Foxfire               Conj/Fire      ####         1%          1
b - Conjure Flame         Conj/Fire      ######..     1%          3
c - Fireball              Conj/Fire      ######....   1%          5
d - Gell's Gravitas       Tloc           ###.......   10%         3
e - Sticky Flame          Conj/Fire      ######..     1%          4
f - Petrify               Tmut/Erth      ###.....     32%         4

Your spell library contained the following spells:

 Spells                   Type           Power        Failure   Level
 Sandblast                Erth           ###...       3%          1
 Inner Flame              Hex/Fire       #####...     1%          3
 Confusing Touch          Hex            ###.....     10%         3
 Metabolic Englaciation   Hex/Ice        ###.......   67%         5
 Yara's Violent Unravell  Hex/Tmut       ###.......   67%         5


Dungeon Overview and Level Annotations

Branches:
Dungeon (1/1)

Altars:
Cheibriados
Dithmenos
Elyvilon
Fedhas
Gozag
Hepliaklqana
Kikubaaqudgha
Makhleb
Nemelex Xobeh
Okawaru
Qazlal
Ru
Sif Muna
Trog
Uskayaw
Vehumet
Wu Jian
Xom
Yredelemnul
Zin
The Shining One
Beogh
Jiyva
Lugonu


Innate Abilities, Weirdness & Mutations

You have sharp fingernails.
You have sharp toenails.
Your muscles are strong. (Str +2)
You expend magic power (3 MP) to strengthen your wands.


Message History

You hear a shout! x6
You enter the shallow water.
Moving in this stuff is going to be slow.
You hear a shout! x2
The earth elemental barely misses you.
You hit the earth elemental but do no damage.
The earth elemental is lightly damaged.
The earth elemental barely misses you.
You riposte.
You hit the earth elemental but do no damage.
The earth elemental is lightly damaged.
Your unstable footing causes you to fumble your attack.
The earth elemental hits you!
You hit the earth elemental but do no damage.
The earth elemental is lightly damaged.
The earth elemental hits you.
You hit the earth elemental but do no damage.
The earth elemental is lightly damaged.
The earth elemental hits you!!
Ouch! That really hurt!
You die...

..♣ ♣.#...#__.#._# ≈♣♣♣
♣.###'#'###)##
≈♣.♣♣♣.#..........#
≈≈♣♣.♣.'.⌠........#
≈≈≈≈♣♣.#...######'#
≈≈≈....#.⌠.#__#...#+#######
≈≈.....#...#__#...#..≈§≈'.#
.......#'###__#..≈#§#§§§#.#
.......#.):#__#.@E'.#§§§#.#
.......#___#__'..≈#.#...#..
▓▓▓▓▓▓▓▓▓▓▓▓▓▓▓▓▓▓▓▓▓▓▓▓▓▓▓▓


You could see an earth elemental.

Vanquished Creatures
  Snorg (D)
  A deep elf mage (D)
  A shadow (D)
  A spatial vortex (D)
  A necrophage (D)
  A water elemental (D)
  A jelly (D)
  Jessica (D)
  A wizard (D)
  A necromancer (D)
  A kobold demonologist (D)
  3 humans (D)
  An ooze (D)
  A phantom (D)
  2 rats (D)
18 creatures vanquished.

Vanquished Creatures (others)
  82 foxfires (D)
  3 plants (D)
85 creatures vanquished.

Grand Total: 103 creatures vanquished

Notes
Turn   | Place    | Note
-------+----------+-------------------------------------------
     0 | D        | iamoutofideas the Deep Elf Fire Elementalist began the
                  | quest for the Orb.
     0 | D        | Reached XP level 1. HP: 10/10 MP: 6/6
    55 | D        | Noticed Jessica
    62 | D        | Killed Jessica
    63 | D        | Reached skill level 4 in Spellcasting
    63 | D        | Reached XP level 2. HP: 14/15 MP: 2/9
    63 | D        | Reached XP level 3. HP: 18/19 MP: 2/11
   142 | D        | Learned a level 3 spell: Conjure Flame
   252 | D        | Gained mutation: Scrolls take you a little longer to read.
                  | [potion of mutation]
   252 | D        | Gained mutation: You are partially covered in molten
                  | scales. (AC +2) [potion of mutation]
   253 | D        | Lost mutation: You are partially covered in molten scales.
                  | (AC +2) [potion of mutation]
   253 | D        | Lost mutation: Scrolls take you a little longer to read.
                  | [potion of mutation]
   253 | D        | Gained mutation: Scrolls take you a little longer to read.
                  | [potion of mutation]
   253 | D        | Gained mutation: Your flesh is heat resistant. (rF+)
                  | [potion of mutation]
   253 | D        | Gained mutation: You are resistant to hostile enchantments.
                  | (MR+) [potion of mutation]
   254 | D        | Lost mutation: Scrolls take you a little longer to read.
                  | [potion of mutation]
   254 | D        | Lost mutation: You are resistant to hostile enchantments.
                  | (MR+) [potion of mutation]
   254 | D        | Lost mutation: Your flesh is heat resistant. (rF+) [potion
                  | of mutation]
   254 | D        | Gained mutation: You have sharp fingernails. [potion of
                  | mutation]
   254 | D        | Gained mutation: You have sharp toenails. [potion of
                  | mutation]
   254 | D        | Gained mutation: You expend magic power (3 MP) to
                  | strengthen your wands. [potion of mutation]
   254 | D        | Gained mutation: Your muscles are strong. (Str +2) [potion
                  | of mutation]
   270 | D        | Reached skill level 5 in Spellcasting
   326 | D        | Noticed a water elemental
   336 | D        | Killed a water elemental
   337 | D        | Reached skill level 6 in Spellcasting
   337 | D        | Reached XP level 4. HP: 24/24 MP: 10/14
   367 | D        | Found a glowing silver altar of Zin.
   367 | D        | Found a glowing golden altar of the Shining One.
   367 | D        | Found a white marble altar of Elyvilon.
   368 | D        | Noticed a deep elf mage
   379 | D        | Found a basalt altar of Yredelemnul.
   379 | D        | Found a shadowy altar of Dithmenos.
   379 | D        | Found a sacrificial altar of Ru.
   379 | D        | Noticed a necrophage
   383 | D        | Reached skill level 7 in Spellcasting
   383 | D        | Reached XP level 5. HP: 28/28 MP: 11/16
   389 | D        | Killed a necrophage
   390 | D        | Reached skill level 8 in Spellcasting
   561 | D        | Learned a level 5 spell: Fireball
   567 | D        | Found a radiant altar of Vehumet.
   567 | D        | Found a shimmering blue altar of Sif Muna.
   567 | D        | Found an ancient bone altar of Kikubaaqudgha.
   570 | D        | Reached skill level 9 in Spellcasting
   570 | D        | Reached XP level 6. HP: 32/32 MP: 8/20
   640 | D        | Became a worshipper of Vehumet
   645 | D        | Learned a level 3 spell: Gell's Gravitas
   650 | D        | Learned a level 4 spell: Sticky Flame
   655 | D        | Learned a level 4 spell: Petrify
   669 | D        | Killed a deep elf mage
   670 | D        | Reached skill level 11 in Spellcasting
   670 | D        | Reached XP level 7. HP: 36/36 MP: 5/24
   767 | D        | Found a hide-covered altar of Uskayaw.
   767 | D        | Found a roughly hewn altar of Beogh.
   767 | D        | Found an iron altar of Okawaru.
   767 | D        | Found a bloodstained altar of Trog.
   767 | D        | Found an ornate altar of the Wu Jian Council.
   767 | D        | Noticed a human
   768 | D        | Killed a human
   769 | D        | Reached skill level 12 in Spellcasting
   769 | D        | Noticed a human
   771 | D        | Killed a human
   771 | D        | Reached * piety under Vehumet
   771 | D        | Offered knowledge of Magic Dart by Vehumet.
   772 | D        | Reached skill level 10 in Conjurations
   953 | D        | Noticed a shadow
   954 | D        | Killed a shadow
   955 | D        | Reached skill level 13 in Spellcasting
   955 | D        | Reached XP level 8. HP: 41/41 MP: 21/27
  1016 | D        | Found a blossoming altar of Fedhas.
  1016 | D        | Found a stormy altar of Qazlal.
  1016 | D        | Found a snail-covered altar of Cheibriados.
  1016 | D        | Found a burning altar of Makhleb.
  1016 | D        | Found a shimmering altar of Xom.
  1017 | D        | Found a hazy altar of Hepliaklqana.
  1017 | D        | Found an opulent altar of Gozag.
  1017 | D        | Found a sparkling altar of Nemelex Xobeh.
  1017 | D        | Found a corrupted altar of Lugonu.
  1017 | D        | Found a viscous altar of Jiyva.
  1033 | D        | Offered knowledge of Sandblast by Vehumet.
  1033 | D        | Reached ** piety under Vehumet
  1109 | D        | Noticed Snorg
  1213 | D        | Killed Snorg
  1214 | D        | Reached skill level 14 in Spellcasting
  1214 | D        | Reached XP level 9. HP: 45/45 MP: 5/29
  1386 | D        | Slain by an earth elemental

Illustrated notes

Levels and vault maps discovered:
D:        dungeon_sprint_mu [sprint_mu_entry_forest, sprint_mu_temple_rooms,
          sprint_mu_d1_horrors, sprint_mu_d2_genie, sprint_mu_d3_branching,
          sprint_mu_orc_legion, sprint_mu_elf_gauntlet, sprint_mu_hive_nellie,
          sprint_mu_lair_fedhas, sprint_mu_vaults_butterflies,
          sprint_mu_slime_circle, sprint_mu_swamp_cave, sprint_mu_snake_twists,
          sprint_mu_blade_basic, sprint_mu_crypt_chambers,
          sprint_mu_tomb_spiral, sprint_mu_vestibule_basic,
          sprint_mu_gehenna_hellfire, sprint_mu_dis_giant,
          sprint_mu_tartarus_statrot, sprint_mu_cocytus_islands, sprint_mu_zot1]

Skill      XL: |  1  2  3  4  5  6  7  8 |
---------------+-------------------------+-----
Fire Magic     | 6 7 8 9 11 12 13 | 13.3
Dodging        | 3 |  3.7
Stealth        | 3 |  3.4
Spellcasting   | 4 6 7 9 11 13 14 | 14.6
Conjurations   | 4 6 9 10 12 | 12.1

Action                   |  1- 3 |  4- 6 |  7- 9 || total
-------------------------+-------+-------+-------++-------
Melee: Long sword        |       |       |     4 ||     4
 Cast: Foxfire           |    23 |     8 |    16 ||    47
       Fireball          |       |     5 |     9 ||    14
       Conjure Flame     |       |       |     2 ||     2
Evoke: Phial of floods   |       |       |     1 ||     1
  Use: Potion            |     3 |       |       ||     3
Dodge: Dodged            |       |     6 |     3 ||     9
       Rpst.: Long sword |       |       |     1 ||     1

Table legend: (Time is in decaauts)
 A = Elapsed time spent in this place.
 B = Non-inter-level travel time spent in this place.
 C = Inter-level travel time spent in this place.
 D = Time resting spent in this place.
 E = Time spent auto-exploring this place.
 F = Levels seen in this place.
 G = Mean time per level.
                   A        B        C        D        E       F      G
               +--------+--------+--------+--------+--------+-----+--------+
         Total |   1398 |   1365 |     33 |    966 |     65 |   1 | 1398.0 |
       Dungeon |   1398 |   1365 |     33 |    966 |     65 |   1 | 1398.0 |
               +--------+--------+--------+--------+--------+-----+--------+

Top non-repeatable levels by time:
       D: 1398 daAuts
